 Dungeon Crawl Stone Soup version 0.32-a0-612-g1c984fe9d1 (webtiles) character file.

Game seed: 11103379949474357861

2543 cforsyth the Reanimator (level 9, -10/85 HPs)
             Began as a Mountain Dwarf Necromancer on Mar 4, 2024.
             Mangled by an ogre
             ... wielding a +0 giant spiked club
              (17 damage)
             ... on level 6 of the Dungeon.
             The game lasted 00:11:39 (6662 turns).

cforsyth the Reanimator (MDNe)                      Turns: 6662, Time: 00:11:40

Health: -10/85     AC: 12    Str: 14    XL:     9   Next: 30%
Magic:  10/11      EV:  6    Int: 17    God:
Gold:   289        SH:  0    Dex: 10    Spells: 6/11 levels left

rFire   . . .        c - +0 broad axe (elec)
rCold   . . .        f - orb {light}
rNeg    . . .        a - +0 chain mail
rPois   .            (no helmet)
rElec   .            (no cloak)
rCorr   .            (no gloves)
SInv    .            (no boots)
Will    .....        (no amulet) Stlth
                     T - +4 ring of protection
HPRegen 0.34/turn    (no ring)
MPRegen 0.12/turn

%: no passive effects
@: animating dead (expiring), glowing, studying Shields
A: runic magic, artefact enchanting
a: no special abilities


You were on level 6 of the Dungeon.
You visited 1 branch of the dungeon, and saw 6 of its levels.

You collected 289 gold pieces.


Innate Abilities, Weirdness & Mutations

Your spellcasting is much less encumbered by armour.
You can use scrolls of enchantment on lesser artefacts.


   Skills:
 + Level 9.7 Fighting
 - Level 1.3 Dodging
 - Level 1.4 Stealth
 - Level 1.7 Spellcasting
 + Level 10.7 Necromancy


You had 6 spell levels left.
You knew the following spells:

 Your Spells              Type           Power      Damage    Failure   Level
a - Animate Dead          Necr           38%        N/A       4%          4
X - Necrotise             Necr           100%       1d9       1%          1

Your spell library contained the following spells:

 Spells                   Type           Power      Damage    Failure   Level
 Vampiric Draining        Necr           38%        2d8       1%          3
 Curse of Agony           Necr           38%        N/A       14%         5
 Lesser Beckoning         Tloc           2%         N/A       52%         2
 Mercury Vapours          Alch/Air       2%         N/A       52%         2
 Call Canine Familiar     Summ           1%         N/A       77%         3
 Dazzling Flash           Conj/Hex       2%         N/A       77%         3
 Gell's Gravitas          Tloc           1%         N/A       77%         3
 Mephitic Cloud           Conj/Alch/Air  1%         N/A       77%         3
 Swiftness                Air            1%         N/A       77%         3
 Teleport Other           Tloc           1%         N/A       77%         3
 Airstrike                Air            0%         2d(1-17)  99%         4
 Freezing Cloud           Conj/Ice/Air   0%         6-21      100%        5
 Silence                  Hex/Air        0%         N/A       100%        5
 Haunt                    Necr/Summ      9%         N/A       100%        7

Inventory:

Hand Weapons
 c - a +0 broad axe of electrocution (weapon)
 o - the +8 dagger "Vawoopi" {holy, +Blink rF- rCorr MP+9 SInv}
   (You found it on level 3 of the Dungeon)

   rF-:       It makes you vulnerable to fire.
   MP+9:      It affects your magic capacity (+9).
   SInv:      It lets you see invisible.
   +Blink:    It lets you blink.
   rCorr:     It protects you from acid and corrosion.
 p - a +3 whip of freezing
Missiles
 l - 5 curare-tipped darts {=f}
Armour
 a - a +0 chain mail (worn)
 f - an orb of light (worn)
Jewellery
 u - an amulet of guardian spirit
 v - a ring of see invisible
 T - a +4 ring of protection (left hand)
Wands
 i - a wand of polymorph (7)
 j - a wand of quicksilver (5)
 q - a wand of charming (12)
Scrolls
 g - a scroll of torment {unknown}
Potions
 b - a potion of magic
 d - a potion of ambrosia {unknown}
 e - a potion of mutation
 h - 3 potions of attraction
 k - 4 potions of curing {@q1}
 n - a potion of brilliance
 s - 4 potions of enlightenment

Dungeon Overview and Level Annotations

Branches:
Dungeon (6/15)
 Temple: D:4-7

Altars:
Uskayaw
Vehumet

Shops:
D:5 (*

Annotations:
D:5 3 runed translucent doors, DiddlyDoom's ghost, novice GrBe; sasquatch's ghost, amateur CoGl

...........(....###
##..
....#######.####
.... ........)...#
#... ....♣P§♣####
♣P..r###.♣♣§§♣
P.♣♣..♣♣§♣§♣P.♣♣
o.....Z.P§♣♣.P.♣
.P.▒...▒§§...P..♣
.....!O@....♣..♣♣
.▒...⚑$Z.▒§§P♣.P.
.....%.......♣..P
...▒...▒...♣..♣..♣
.ß...♣.♣......♣
..♣..P..♣.♣...P♣ ♣
.P.♣.. P♣♣P..♣ ♣♣.
♣♣ ♣♣ .P.


You could see an ogre (ally target), a river rat, an orc, a friendly river rat
zombie and a friendly gnoll zombie.


Message History

Your reaping aura is weakening.
The orc warrior hits you with a +0 long sword!
Your gnoll zombie hits the orc warrior but does no damage.
A river rat comes into view.
The orc warrior hits you with a +0 long sword.
* * * LOW HITPOINT WARNING * * *
The river rat squeaks loudly.
You hit the orc warrior.
Lightning courses through the orc warrior!
You kill the orc warrior!
You barely miss the river rat. You completely miss the ogre.
The ogre hits you with a +0 giant spiked club!!
* * * LOW HITPOINT WARNING * * *
The river rat barely misses you.
Your gnoll zombie hits the ogre.
Unknown command.
You hit the ogre.
The ogre is lightly wounded.
You hit the river rat but do no damage.
Lightning courses through the river rat!
You kill the river rat!
The dead are walking!
The ogre hits you with a +0 giant spiked club!
* * * LOW HITPOINT WARNING * * *
Your gnoll zombie hits the ogre but does no damage.
An orc comes into view. It is wielding a +0 hand axe.
Unknown command.
You hit the ogre but do no damage.
The ogre is lightly wounded.
The ogre hits you with a +0 giant spiked club!
You die...

Skill      XL: |  1  2  3  4  5  6  7  8 |
---------------+-------------------------+-----
Fighting       | 1 2 3 4 5 7 9 |  9.7
Necromancy     | 5 6 7 8 10 | 10.7
Dodging        | |  1.3
Stealth        | |  1.4
Spellcasting   | |  1.7

Action                     |  1- 3 |  4- 6 |  7- 9 || total
---------------------------+-------+-------+-------++-------
  Melee: Unarmed           |    25 |       |       ||    25
         Club              |       |    26 |       ||    26
         Dagger            |       |    33 |    58 ||    91
         Broad axe         |       |       |    87 ||    87
   Cast: Necrotise         |    47 |   104 |    18 ||   169
         Animate Dead      |       |       |     1 ||     1
  Evoke: Wand              |       |       |     1 ||     1
    Use: Scroll            |       |       |    14 ||    14
         Potion            |       |       |     2 ||     2
   Stab: Distracted        |       |     1 |       ||     1
 Armour: Robe              |    28 |       |       ||    28
         Chain mail        |     2 |   101 |   298 ||   401
  Dodge: Dodged            |    33 |    32 |    90 ||   155

Levels and vault maps discovered:
D:1:      amcnicky_arrival_blooded_trapdoor, layout_rooms, serial_forest,
          infiniplex_forest_lined_3, infiniplex_forest_pool,
          infiniplex_forest_corner_1, infiniplex_forest_clump_tiny,
          infiniplex_forest_clump_long, infiniplex_forest_clump_diagonal,
          chequers_jeans
D:2:      layout_rooms, basic_altar, minmay_misc_feat_ornament, uniq_jessica
D:3:      layout_basic
D:4:      layout_loops_ring, serial_library_regret_index_headful, uniq_duvessa
D:5:      layout_basic, serial_shops, shop, gammafunk_ghost_cemetery,
          minmay_misc_feat_alley, doesnt_shop_hydraphobe, uniq_eustachio,
          uniq_sigmund, uniq_pikel
D:6:      wad_woods_stonehenge, layout_basic, general_overflow_altar,
          minmay_temple_entry_stoned_glass, serial_curves, eino_curves_04,
          eino_curves_01, eino_curves_01, minmay_statues_item, uniq_edmund

Notes
Turn   | Place    | Note
-------+----------+-------------------------------------------
     0 | D:1      | cforsyth the Mountain Dwarf Necromancer began the quest for
                  | the Orb.
     0 | D:1      | Reached XP level 1. HP: 14/14 MP: 3/3
    49 | D:1      | Reached skill level 1 in Fighting
    96 | D:1      | Reached XP level 2. HP: 23/23 MP: 1/4
   440 | D:1      | Reached skill level 2 in Fighting
   440 | D:1      | Reached skill level 5 in Necromancy
   440 | D:1      | Reached XP level 3. HP: 6/29 MP: 0/5
  1118 | D:2      | Found a hide-covered altar of Uskayaw.
  1205 | D:2      | Noticed Jessica
  1210 | D:2      | Killed Jessica
  1211 | D:2      | Reached XP level 4. HP: 31/37 MP: 1/6
  1343 | D:2      | Reached skill level 3 in Fighting
  1881 | D:3      | Noticed a scorpion
  1895 | D:3      | Killed a scorpion
  1896 | D:3      | Reached skill level 6 in Necromancy
  1896 | D:3      | Reached XP level 5. HP: 42/46 MP: 0/7
  2300 | D:3      | Reached skill level 4 in Fighting
  2594 | D:3      | Identified the +8 dagger "Vawoopi" {holy, +Blink rF- rCorr
                  | MP+9 SInv}
  3167 | D:4      | Reached XP level 6. HP: 53/53 MP: 8/8
  3277 | D:4      | Noticed Duvessa
  3277 | D:4      | Noticed Dowan
  3297 | D:4      | Killed Duvessa
  3298 | D:4      | Reached skill level 5 in Fighting
  3307 | D:4      | Killed Dowan
  3308 | D:4      | Reached skill level 7 in Necromancy
  3879 | D:4      | Got the Almanac of the Voltaic Escort
  3938 | D:4      | Reached XP level 7. HP: 56/61 MP: 9/9
  4166 | D:5      | Entered Level 5 of the Dungeon
  4242 | D:5      | Noticed a hornet
  4253 | D:5      | Killed a hornet
  4254 | D:5      | Reached skill level 6 in Fighting
  4254 | D:5      | Reached skill level 8 in Necromancy
  4459 | D:5      | HP: 3/64 [burnt (6)]
  4690 | D:5      | Noticed Eustachio
  4784 | D:5      | Identified a scroll of acquirement
  4796 | D:5      | Killed Eustachio
  4797 | D:5      | Reached skill level 7 in Fighting
  4797 | D:5      | Reached XP level 8. HP: 45/73 MP: 10/10
  4798 | D:5      | Acquired a +0 broad axe of electrocution
  5550 | D:5      | Found Coyx's Hydra Hut.
  5551 | D:5      | Noticed a six-headed hydra
  5559 | D:5      | Reached skill level 9 in Necromancy
  5606 | D:5      | Found Leicwy's General Store.
  5648 | D:5      | Noticed Pikel
  5668 | D:4      | Killed Pikel
  5669 | D:4      | Reached skill level 8 in Fighting
  5942 | D:5      | Found a runed translucent gate.
  5943 | D:5      | Found a runed translucent gate.
  5943 | D:5      | Found a runed translucent gate.
  5944 | D:5      | Noticed DiddlyDoom's ghost (novice GrBe)
  5944 | D:5      | Noticed sasquatch's ghost (amateur CoGl)
  6091 | D:5      | Noticed Sigmund
  6099 | D:5      | Killed Sigmund
  6100 | D:5      | Reached skill level 9 in Fighting
  6100 | D:5      | Reached skill level 10 in Necromancy
  6320 | D:6      | Reached XP level 9. HP: 70/83 MP: 4/11
  6416 | D:6      | Learned a level 4 spell: Animate Dead
  6648 | D:6      | Found a radiant altar of Vehumet.
  6661 | D:6      | HP: 6/85 [ogre/+0 giant spiked club (16)]
  6662 | D:6      | Mangled by an ogre

Vanquished Creatures
  Pikel (D:4)
  A hornet (D:5)
  Sigmund (D:5)
  Eustachio (D:5)
  A water moccasin (D:6)
  Duvessa (D:4)
  3 ice beasts
  An orc warrior (D:6)
  A centaur (D:6)
  A phantom (D:6)
  A lemure (D:4)
  A bullfrog (D:6)
  2 scorpions
  Dowan (D:4)
  2 bombardier beetles
  4 hounds
  A gnoll bouda (D:5)
  Jessica (D:2)
  3 sleepcaps
  An iguana (D:6)
  2 orc wizards (D:4)
  7 gnolls
  8 adders
  A river rat (D:6)
  2 shadow imps (D:4)
  A white imp (D:6)
  2 ribbon worms
  8 orcs
  4 ball pythons
  7 endoplasms
  A giant cockroach (D:3)
  4 hobgoblins
  6 jackals
  5 quokkas
  3 bats
  2 frilled lizards
  3 goblins (D:2)
  3 kobolds
  A rat (D:1)
99 creatures vanquished.

Vanquished Creatures (collateral kills)
  An endoplasm (D:1)
  A giant cockroach (D:1)
  A goblin (D:1)
  2 hobgoblins (D:1)
  A bat (D:1)
  A rat (D:1)
7 creatures vanquished.

Grand Total: 106 creatures vanquished

Table legend: (Time is in decaauts)
 A = Elapsed time spent in this place.
 B = Non-inter-level travel time spent in this place.
 C = Inter-level travel time spent in this place.
 D = Time resting spent in this place.
 E = Time spent auto-exploring this place.
 F = Levels seen in this place.
 G = Mean time per level.
                   A        B        C        D        E       F      G
               +--------+--------+--------+--------+--------+-----+--------+
         Total |   6731 |   6386 |    345 |    897 |   4430 |   6 | 1121.8 |
       Dungeon |   6731 |   6386 |    345 |    897 |   4430 |   6 | 1121.8 |
               +--------+--------+--------+--------+--------+-----+--------+

Top non-repeatable levels by time:
     D:4: 1769 daAuts
     D:5: 1511 daAuts
     D:3: 1147 daAuts
     D:2: 1016 daAuts
     D:1: 919 daAuts
     D:6: 367 daAuts

Table legend:
 A = Non-vault XP
 B = Vault XP
 C = Vault XP percentage of total XP
 D = Non-vault monster count
 E = Vault monster count
 F = Vault count percentage of total count
                 A         B        C        D         E       F
            +---------+---------+-------+---------+---------+-------
      Total |    1946 |    1687 |  46.4 |      91 |      14 |  13.3
            +---------+---------+-------+---------+---------+-------
        D:1 |      52 |       0 |   0.0 |      23 |       0 |   0.0
        D:2 |      54 |      37 |  40.7 |      12 |       1 |   7.7
        D:3 |     220 |       0 |   0.0 |      20 |       0 |   0.0
        D:4 |     135 |     953 |  87.6 |      13 |       7 |  35.0
        D:5 |     927 |     413 |  30.8 |      15 |       2 |  11.8
        D:6 |     558 |     284 |  33.7 |       8 |       4 |  33.3
            +---------+---------+-------+---------+---------+-------
